 Dungeon Crawl Stone Soup version 0.29-a0-330-g52719c12eb (webtiles) character file.

Game seed: 6407065999723707003

5969 Charly the Covert (level 10, -1/51 HPs)
             Began as a Vine Stalker Brigand on May 2, 2022.
             Was a High Priest of Uskayaw.
             Killed by nerve-wracking pain
             ... invoked by an orc priest
              (12 damage)
             ... on level 8 of the Dungeon.
             The game lasted 00:35:16 (7389 turns).

Charly the Covert (Vine Stalker Brigand)            Turns: 7389, Time: 00:35:17

Health: -1/51      AC: 10    Str: 13    XL:     10   Next: 84%
Magic:  0/35       EV: 10    Int: 13    God:    Uskayaw [*****.]
Gold:   277        SH:  0    Dex: 19    Spells: 6/9 levels left

rFire   + . .      SeeInvis .   a - +4 rapier (freeze)
rCold   . . .      Faith    +   (no shield)
rNeg    . . .      Spirit   +   p - +2 ring mail {rF+}
rPois   .          Reflect  .   d - +0 helmet
rElec   .          Harm     .   c - +0 cloak
rCorr   .          Rampage  .   (no gloves)
Will    +....                   h - +0 pair of boots
Stlth   +++++.....              F - amulet of faith
HPRegen 0.97/turn               q - ring of magical power
MPRegen 0.24/turn               C - ring of magical power

@: studying Short Blades
A: fangs 3, regeneration 1, magic shield, antimagic bite, no potion heal 2
a: Renounce Religion, Stomp, Line Pass, Grand Finale


You were on level 8 of the Dungeon.
You worshipped Uskayaw.
Uskayaw was aware of your devotion.
You visited 2 branches of the dungeon, and saw 9 of its levels.
You also visited: Ossuary.

You collected 278 gold pieces.
You spent 1 gold pieces at shops.

Inventory:

Hand Weapons
 a - a +4 rapier of freezing (weapon)
 b - a +2 dagger of holy wrath
 k - the +9 flail "Acvomu" {freeze, rN+ Str-2 Int+2 SInv}
   (You took it off an orc on level 3 of the Dungeon)

   It freezes those it strikes, dealing additional cold damage.
   It can also slow down cold-blooded creatures.
   Str:       It affects your strength (-2).
   Int:       It affects your intelligence (+2).
   rN:        It protects you from negative energy.
   SInv:      It lets you see invisible.
 r - the +9 lance "Wyrmbane" {slay drac, rPois rF+ rC+ AC+3}
   (You took it off Maggie on level 6 of the Dungeon)

   It inflicts extra damage against dragons and draconians.
   AC:        It affects your AC (+3).
   rF:        It protects you from fire.
   rC:        It protects you from cold.
   rPois:     It protects you from poison.
 B - a -3 double sword
 D - a +0 dagger of venom
Missiles
 e - 3 curare-tipped darts
 w - 8 javelins (quivered)
 A - 2 poisoned darts
 E - a throwing net
Armour
 c - a +0 cloak (worn)
 d - a +0 helmet (worn)
 h - a +0 pair of boots (worn)
 p - a +2 ring mail of fire resistance (worn)
 y - an orb of guile
Jewellery
 n - a ring of positive energy
 q - a ring of magical power (left hand)
 C - a ring of magical power (right hand)
 F - an amulet of faith (around neck)
 W - a ring of wizardry
Wands
 H - a wand of digging (3)
 I - a wand of mindburst (12)
 L - a wand of iceblast (9)
Scrolls
 g - 9 scrolls of teleportation
 j - a scroll of enchant armour {unknown}
 l - 2 scrolls of fog
 m - a scroll of torment
 o - a scroll of immolation {unknown}
 t - 5 scrolls of magic mapping
 v - a scroll of fear {unknown}
 G - 2 scrolls of blinking
 J - a scroll of acquirement {unknown}
 K - a scroll of holy word {unknown}
Potions
 f - 13 potions of curing
 i - 4 potions of lignification
 s - 4 potions of attraction
 u - 2 potions of haste
 x - a potion of cancellation
 z - 4 potions of flight
 M - a potion of ambrosia {unknown}


   Skills:
 - Level 5.0 Fighting
 - Level 8.0 Short Blades
 - Level 6.0 Throwing
 - Level 0.7 Dodging
 - Level 12.0 Stealth
 + Level 8.7 Invocations


You had 6 spell levels left.
You knew the following spells:

 Your Spells              Type           Power      Damage    Failure   Level
t - Tukima's Dance        Hex            0%         N/A       90%         3

Your spell library contained the following spells:

 Spells                   Type           Power      Damage    Failure   Level
 Apportation              Tloc           0%         N/A       56%         1
 Magic Dart               Conj           0%         1d3       56%         1
 Sting                    Tmut/Pois      0%         1d3       56%         1
 Call Imp                 Summ           0%         N/A       71%         2
 Corpse Rot               Necr/Air       0%         N/A       71%         2
 Poisonous Vapours        Pois/Air       0%         N/A       71%         2
 Call Canine Familiar     Summ           0%         N/A       90%         3
 Dazzling Flash           Conj/Hex       0%         N/A       90%         3
 Mephitic Cloud           Conj/Pois/Air  0%         N/A       90%         3
 Portal Projectile        Hex/Tloc       0%         N/A       90%         3
 Leda's Liquefaction      Hex/Erth       0%         N/A       100%        4
 Olgreb's Toxic Radiance  Pois           0%         N/A       100%        4
 Passage of Golubria      Tloc           0%         N/A       100%        4
 Agony                    Necr           0%         N/A       100%        5
 Alistair's Intoxication  Tmut/Pois      0%         N/A       100%        5
 Borgnjor's Vile Clutch   Necr/Erth      0%         N/A       100%        5
 Silence                  Hex/Air        0%         N/A       100%        5
 Yara's Violent Unravell  Hex/Tmut       0%         3d3       100%        5
 Conjure Ball Lightning   Conj/Air       0%         3x3d6     100%        6
 Eringya's Noxious Bog    Tmut/Pois      0%         N/A       100%        6
 Discord                  Hex            0%         N/A       100%        8
 Disjunction              Tloc           0%         N/A       100%        8


Dungeon Overview and Level Annotations

Branches:
Dungeon (8/15)             Temple (1/1) D:5            Lair (0/6) D:8
Ossuary (visited)

Altars:
Ashenzari
Cheibriados
Fedhas
Gozag
Makhleb
Nemelex Xobeh
Qazlal
Ru
Sif Muna
Trog
Uskayaw
Vehumet
Wu Jian
Yredelemnul

Shops:
D:5 *   D:7 (


Innate Abilities, Weirdness & Mutations

You have razor-sharp teeth.
Your natural rate of healing is unusually fast.
When hurt, damage is shared between your health and your magic reserves.
Your bite disrupts and absorbs the magic of your enemies.
Potions cannot restore your health.


Message History

Okay, then.
Aiming: Line Pass
Press: ? - help, Dir - move target, p - deep elf pyromancer The orc warrior appears confused.
The orc warrior hits the deep elf pyromancer with a +0 long sword!
The orc priest hits you but does no damage.
The orc priest attacks as you move away!
The orc priest hits you with a +0 flail.
The deep elf pyromancer gestures at you while chanting.
The bolt of fire hits you! You resist.
The orc warrior gestures wildly.
The orc warrior hits the fire elemental with a +0 long sword!
The orc priest looks satisfied for a moment.
Uskayaw prepares the audience for your solo!
The orc warrior seems less confused.
The deep elf pyromancer is no longer paralysed.
The deep elf pyromancer hits you with a +0 long sword.
The helpless orc warrior fails to defend itself.
You spit the orc warrior like a pig!!!! You freeze the orc warrior!
You kill the orc warrior!
The fire elemental is no longer paralysed.
The deep elf pyromancer gestures wildly while chanting.
The deep elf pyromancer blinks!
The helpless orc priest fails to defend itself.
You spit the orc priest like a pig!!!! You freeze the orc priest.
You kill the orc priest!
The fire elemental hits you. The fire elemental burns you! You resist.
The orc priest is no longer paralysed.
The fire elemental hits you. The fire elemental burns you! You resist.
* * * LOW HITPOINT WARNING * * *
The orc priest closely misses you. The fire elemental hits you.
The fire elemental burns you! You resist.
* * * LOW HITPOINT WARNING * * *
Things that are here:
a +1 dagger of flaming; a +0 robe You hit the orc priest.
You freeze the orc priest.
The orc priest is moderately wounded.
The orc priest invokes the aid of Beogh against you.
Pain shoots through your body!
You die...

#(...#
#########''''#####
...........(.......
≈≈≈≈≈≈≈≈≈≈≈.)..≈≈≈≈≈
≈≈≈≈≈≈≈≈≈≈≈....≈≈≈≈≈
≈≈≈≈≈≈≈≈≈≈≈.)).≈≈≈≈≈
.........))).......
##......)..○o######
###..>......)E@#
.......)....#.##
#..>...)...#..#
#......)...#.#######
......#....#e.......
....................
.....##...[.........
..###...............
. #.#..<..........


You could see a deep elf pyromancer, a fire elemental (summoned) and an orc
priest.

Vanquished Creatures
  A hydra (D:7)
  Pikel (D:8)
  Maggie (D:6)
  Sigmund (D:2)
  A shadow (D:6)
  A wraith (Ossuary)
  A steam dragon (D:8)
  A water moccasin (D:7)
  2 acid dragons (D:6)
  A sky beast (D:6)
  4 black bears
  2 orc warriors (D:8)
  A centaur (D:6)
  3 ogres
  2 phantoms (D:5)
  3 kobold brigands (D:8)
  2 bullfrogs
  A gnoll sergeant (D:8)
  2 necrophages
  4 scorpions
  A wight (D:6)
  8 killer bees (D:8)
  5 howler monkeys
  3 jellies
  6 orc priests
  A gnoll shaman (D:4)
  5 hounds
  13 orc wizards
  An iguana (D:6)
  3 mummies (Ossuary)
  Robin (D:2)
  14 gnolls
  15 adders
  A shadow imp (D:7)
  5 dart slugs
  26 orcs
  11 ball pythons
  4 endoplasms
  2 giant cockroaches
  A gnoll zombie (Ossuary)
  16 goblins
  6 hobgoblins
  6 jackals
  6 quokkas
  3 bats
  5 frilled lizards
  A goblin zombie (Ossuary)
  11 kobolds
  6 kobold zombies (Ossuary)
  4 rats
225 creatures vanquished.

Notes
Turn   | Place    | Note
-------+----------+-------------------------------------------
     0 | D:1      | Charly the Vine Stalker Brigand began the quest for the
                  | Orb.
     0 | D:1      | Reached XP level 1. HP: 11/11 MP: 2/2
   226 | D:1      | Reached XP level 2. HP: 6/16 MP: 0/3
   505 | D:1      | Reached XP level 3. HP: 18/20 MP: 1/4
  1454 | D:2      | Noticed Sigmund
  1557 | D:2      | Reached skill level 5 in Stealth
  1682 | D:2      | Killed Sigmund
  1683 | D:2      | Reached skill level 6 in Stealth
  1683 | D:2      | Gained mutation: Your natural rate of healing is unusually
                  | fast. [Vine Stalker growth]
  1683 | D:2      | Reached XP level 4. HP: 25/25 MP: 5/5
  1683 | D:2      | Reached XP level 5. HP: 29/29 MP: 6/6
  1913 | D:2      | Noticed Robin
  1923 | D:2      | Reached XP level 6. HP: 33/33 MP: 7/7
  1926 | D:2      | Killed Robin
  2313 | D:3      | Identified the +9 flail "Acvomu" {freeze, rN+ Str-2 Int+2
                  | SInv}
  2454 | D:3      | Found a faded altar of an unknown god.
  3217 | D:4      | Reached XP level 7. HP: 33/38 MP: 8/8
  3362 | D:4      | Reached skill level 7 in Stealth
  3722 | D:4      | Reached skill level 5 in Fighting
  3722 | D:4      | Reached skill level 5 in Throwing
  3722 | D:4      | Gained mutation: You have razor-sharp teeth. [Vine Stalker
                  | growth]
  3722 | D:4      | Reached XP level 8. HP: 43/43 MP: 9/9
  3923 | D:5      | Entered Level 5 of the Dungeon
  3934 | D:5      | Reached skill level 8 in Stealth
  3949 | D:5      | Found Qurhefio's Lightly-Used Armoury.
  3974 | D:5      | Bought a -3 double sword for 1 gold piece
  4097 | D:5      | Found a staircase to the Ecumenical Temple.
  4106 | Temple   | Entered the Ecumenical Temple
  4125 | Temple   | Became a worshipper of Uskayaw the Reveller
  4192 | D:5      | Reached * piety under Uskayaw
  4195 | D:5      | Reached ** piety under Uskayaw
  4197 | D:5      | Reached skill level 1 in Invocations
  4266 | D:5      | Reached *** piety under Uskayaw
  4305 | D:5      | Reached skill level 9 in Stealth
  4891 | D:6      | Noticed a shadow
  4928 | D:6      | Killed a shadow
  4929 | D:6      | Reached XP level 9. HP: 47/47 MP: 12/12
  4974 | D:6      | Learned a level 3 spell: Tukima's Dance
  5131 | D:6      | Reached **** piety under Uskayaw
  5137 | D:6      | Reached ***** piety under Uskayaw
  5142 | D:6      | Reached skill level 10 in Stealth
  5145 | D:6      | Reached ****** piety under Uskayaw
  5301 | D:6      | Noticed Maggie
  5306 | D:6      | Killed Maggie
  5307 | D:6      | Reached skill level 5 in Short Blades
  5307 | D:6      | Reached skill level 5 in Invocations
  5921 | D:7      | Found a broken altar of Ashenzari.
  5921 | D:7      | Found a faded altar of an unknown god.
  5928 | D:7      | Found a faded altar of an unknown god.
  5930 | D:7      | Found a burning altar of Makhleb.
  5932 | D:7      | Found a blossoming altar of Fedhas.
  6031 | D:7      | Found Kodaonel's Antique Weapon Shop.
  6086 | D:7      | Found a stormy altar of Qazlal.
  6117 | D:7      | Found a sacrificial altar of Ru.
  6118 | D:7      | Found a sparkling altar of Nemelex Xobeh.
  6224 | D:7      | Noticed a four-headed hydra
  6274 | D:7      | Reached skill level 11 in Stealth
  6330 | D:7      | Reached XP level 10. HP: 51/51 MP: 15/15
  6540 | D:7      | Killed a four-headed hydra
  6710 | D:8      | Found a sand-covered staircase.
  6742 | Ossuary  | Entered an ossuary
  7257 | D:8      | Reached skill level 12 in Stealth
  7320 | D:8      | Found a staircase to the Lair.
  7327 | D:8      | Noticed Pikel
  7337 | D:8      | Killed Pikel
  7373 | D:8      | Noticed a deep elf pyromancer
  7389 | D:8      | Killed from afar by an orc priest

Illustrated notes

Levels and vault maps discovered:
D:1:      dpeg_arrival_central, layout_basic, serial_forest,
          infiniplex_forest_lined_ring, infiniplex_forest_clump_double,
          infiniplex_forest_clump_medium, infiniplex_forest_end_3,
          infiniplex_forest_lined_room_3, infiniplex_forest_corner_1,
          infiniplex_forest_straight_2, infiniplex_forest_lined_3_way,
          wander_ebering_terrifying_dragon_lair
D:2:      layout_basic, minmay_snake_closets, uniq_robin, uniq_sigmund
D:3:      layout_basic, hellmonk_ecumenical_altar_crossroads
D:4:      layout_loops_ring
D:5:      layout_cave_pods, minmay_temple_entry_gardened_gates,
          minmay_shop_damaged
D:6:      layout_basic, minmay_manual_moon, uniq_maggie
D:7:      minmay_flawed_box, layout_gridville,
          chequers_temple_overflow_minitemple, grunt_temple_overflow_open,
          serial_shops, shop
D:8:      lemuel_castle_with_subvaults [lemuel_castle_interior_original],
          layout_rooms, lair_entry_dummy, nicolae_ossuary_entry_monument,
          uniq_pikel
Temple:   eino_temple_scatter_basement

Skill      XL: |  1  2  3  4  5  6  7  8  9 10 |
---------------+-------------------------------+-----
Fighting       | 2 3 4 5 |  5.0
Short Blades   | 2 6 8 |  8.0
Throwing       | 3 4 5 6 |  6.0
Stealth        | 6 7 9 11 12 | 12.0
Invocations    | 3 5 8 |  8.7
Dodging        | |  0.7

Action                   |  1- 3 |  4- 6 |  7- 9 | 10-12 || total
-------------------------+-------+-------+-------+-------++-------
Melee: Dagger            |    59 |    88 |   216 |       ||   363
       Bite              |    11 |    18 |    95 |    29 ||   153
       Punch             |       |     1 |     1 |     1 ||     3
       Rapier            |       |       |    26 |   134 ||   160
Throw: Dart              |    43 |    11 |     9 |       ||    63
       Javelin           |       |     6 |    16 |    11 ||    33
Invok: Line Pass         |       |       |     1 |     5 ||     6
       Stomp             |       |       |       |     2 ||     2
Evoke: Wand              |       |       |       |     1 ||     1
  Use: Scroll            |     1 |     6 |     7 |     7 ||    21
       Potion            |       |       |     1 |       ||     1
 Stab: Sleeping          |     2 |    15 |    19 |     6 ||    42
       Paralysed         |       |       |     3 |    12 ||    15
       Confused          |       |       |     1 |     2 ||     3
       Distracted        |       |       |     1 |     1 ||     2
Armor: Robe              |     5 |    16 |    46 |       ||    67
       Ring mail         |       |       |    38 |    95 ||   133
Dodge: Dodged            |    29 |    26 |   118 |    76 ||   249

Table legend: (Time is in decaauts)
 A = Elapsed time spent in this place.
 B = Non-inter-level travel time spent in this place.
 C = Inter-level travel time spent in this place.
 D = Time resting spent in this place.
 E = Time spent auto-exploring this place.
 F = Levels seen in this place.
 G = Mean time per level.
                   A        B        C        D        E       F      G
               +--------+--------+--------+--------+--------+-----+--------+
         Total |   7325 |   7097 |    228 |    269 |   4773 |  10 |  732.5 |
       Dungeon |   6942 |   6730 |    212 |    269 |   4516 |   8 |  867.8 |
        Temple |     36 |     20 |     16 |      0 |      6 |   1 |   36.0 |
       Ossuary |    346 |    346 |      0 |      0 |    251 |   1 |  346.0 |
               +--------+--------+--------+--------+--------+-----+--------+

Top non-repeatable levels by time:
     D:1: 1475 daAuts
     D:6: 922 daAuts
     D:5: 900 daAuts
     D:7: 894 daAuts
     D:3: 861 daAuts
     D:2: 791 daAuts
     D:4: 766 daAuts
 Ossuary: 346 daAuts
     D:8: 330 daAuts
  Temple: 36 daAuts
